 Dungeon Crawl Stone Soup version 0.24-a0-226-gca05e9d (webtiles) character file.

Game seed: 14199180379280286462

74 Gunnerkreig the Sneak (level 4, -1/27 HPs)
             Began as an Octopode Wizard on Apr 1, 2019.
             Killed by miscasting Mephitic Cloud (12 damage)
             ... on level 3 of the Dungeon.
             The game lasted 00:04:27 (1723 turns).

Gunnerkreig the Sneak (Octopode Wizard)             Turns: 1723, Time: 00:04:28

Health: -1/27      AC:  1    Str:  7    XL:     4   Next: 28%
Magic:  2/8        EV: 12    Int: 20    God:
Gold:   98         SH:  3    Dex: 10    Spells: 2/9 levels left

rFire    . . .     SeeInvis .   b - +2 dagger (venom)
rCold    . . .     Gourm    .   u - +0 buckler (curse)
rNeg     . . .     Faith    .   a - +0 hat
rPois    .         Spirit   .   (no amulet)
rElec    .         Reflect  .   (no ring)
rCorr    .         Harm     .   (no ring)
MR       .....                  (no ring)
Stlth    +++.......             (no ring)
HPRegen  0.09/turn              (no ring)
MPRegen  0.11/turn              (no ring)
                                (no ring)
                                (no ring)

@: very slightly contaminated
A: almost no armour, stealthy swim, amphibious, 8 rings, constrict 8, camouflage
1, gelatinous body 1
a: no special abilities


You were on level 3 of the Dungeon.
You were very hungry.

You visited 1 branch of the dungeon, and saw 3 of its levels.

You collected 98 gold pieces.

Inventory:

Hand Weapons
 b - a +2 dagger of venom (weapon)
 k - a +0 vampiric dagger
Missiles
 d - 73 stones (quivered)
 g - 5 javelins
 n - 17 sling bullets
 r - 8 tomahawks
Armour
 a - a +0 hat (worn)
 u - a cursed +0 buckler (worn)
Magical Staves
 w - an uncursed staff of energy {unknown}
Jewellery
 h - an uncursed ring of fire
Scrolls
 f - a scroll of remove curse {unknown}
 p - a scroll of magic mapping {unknown}
 q - a scroll of identify
 t - a scroll of teleportation
 v - a scroll of enchant armour {unknown}
Potions
 e - a potion of berserk rage {unknown}
 i - a potion of might {unknown}
 j - a potion of degeneration {unknown}
 l - a potion of haste {unknown}
 m - 2 potions of brilliance
 o - 2 potions of cancellation {unknown}
 s - a potion of heal wounds {unknown}
Comestibles
 c - 5 rations


   Skills:
 - Level 2.0 Dodging
 + Level 4.2 Stealth
 * Level 0.3 Shields
 - Level 3.0 Spellcasting
 * Level 3.2 Conjurations
   Level 1.0 Summonings
   Level 1.0 Translocations


You had 2 spell levels left.
You knew the following spells:

 Your Spells              Type           Power        Failure   Level  Hunger
a - Magic Dart            Conj           ###.         6%          1    None
b - Conjure Flame         Conj/Fire      #.......     34%         3    ###....
c - Mephitic Cloud        Conj/Pois/Air  #.......     41%         3    ###....

Your spell library contained the following spells:

 Spells                   Type           Power        Failure   Level  Hunger
 Blink                    Tloc           N/A          22%         2    ##.....
 Call Imp                 Summ           #.......     22%         2    ##.....
 Slow                     Hex            #.......     34%         2    ##.....


Dungeon Overview and Level Annotations

Branches:
Dungeon (3/15)

Altars:


Innate Abilities, Weirdness & Mutations

You cannot wear most types of armour.
You are very stealthy in the water. (Stealth+)
You are amphibious.
You can wear up to eight rings at the same time.
You can use your tentacles to constrict eight enemies at once.
Your skin changes colour to match your surroundings (Stealth+).
Your rubbery body absorbs attacks. (AC +1, EV +1)


Message History

Casting: Magic Dart (safe; 6% risk of failure)
Confirm with . or Enter, or press ? or * to list all spells.
Aiming: Mephitic Cloud (slightly dangerous; 41% risk of failure)
Press: ? - help, Shift-Dir - straight line, f - orc wizard
Aim: an orc wizard, wielding a +0 dagger and wearing a +0 robe You miscast Mephitic Cloud.
You are very lightly contaminated with residual magic.
Ouch! You feel a sudden electric shock. The bat hits you.
The orc wizard casts a spell at you. The puff of frost hits you!
Ouch! That really hurt!
The orc wizard shouts!
The hobgoblin shouts!
Casting: Mephitic Cloud (slightly dangerous; 41% risk of failure)
Confirm with . or Enter, or press ? or * to list all spells.
Aiming: Mephitic Cloud (slightly dangerous; 41% risk of failure)
Press: ? - help, Shift-Dir - straight line, f/p - orc wizard
Aim: an orc wizard, wielding a +0 dagger and wearing a +0 robe You miscast Mephitic Cloud.
A wave of violent energy washes through your body!
You die...

......>..#
.........#
.........#
K?.......#
......$..#
..oo.....#
o.g....b.#
.......@.#
...####.##
#.. ....
##.## .#
.. ##


You could see 2 orc wizards, an orc (sleeping), a hobgoblin, a bat and a kobold
(sleeping).

Vanquished Creatures
  2 worms (D:2)
  6 dart slugs
  2 leopard geckos
  3 giant cockroaches
  2 goblins (D:1)
  8 hobgoblins
  5 jackals
  3 kobolds
  A ball python (D:1)
  7 bats
  6 frilled lizards
  7 rats
52 creatures vanquished.

Notes
Turn   | Place    | Note
-------+----------+-------------------------------------------
     0 | D:1      | Gunnerkreig the Octopode Wizard began the quest for the
                  | Orb.
     0 | D:1      | Reached XP level 1. HP: 11/11 MP: 4/4
    39 | D:1      | Reached skill level 3 in Stealth
   172 | D:1      | Reached XP level 2. HP: 17/17 MP: 6/6
   451 | D:1      | Reached XP level 3. HP: 21/21 MP: 4/7
   855 | D:2      | Learned a level 3 spell: Conjure Flame
   859 | D:2      | Learned a level 3 spell: Mephitic Cloud
  1033 | D:2      | Reached skill level 4 in Stealth
  1080 | D:2      | Reached XP level 4. HP: 23/27 MP: 8/8
  1723 | D:3      | Killed by miscasting Mephitic Cloud

Levels and vault maps discovered:
D:1:      moated_graveyard_arrival, layout_loops_ring, minivault_26,
          minivault_24, minmay_hexomino_c4
D:2:      layout_basic, first_ration
D:3:      layout_rooms, marbit_many_paths, zin_treasury, lemuel_doored_altar,
          gup_sewer_entry_bowl, uniq_jessica

Skill      XL: |  1  2  3 |
---------------+----------+-----
Stealth        | 3 4 |  4.2
Conjurations   | 2 3 |  3.2
Dodging        | |  2.0
Shields        | |  0.3
Spellcasting   | |  3.0
Summonings     | |  1.0
Translocations | |  1.0

Action                   |  1- 3 |  4- 6 || total
-------------------------+-------+-------++-------
Melee: Dagger            |    53 |    15 ||    68
       Tentacles         |     8 |     2 ||    10
       Constrict         |    14 |     6 ||    20
 Cast: Magic Dart        |    25 |     3 ||    28
  Use: Scroll            |       |     2 ||     2
 Stab: Sleeping          |     7 |     2 ||     9
  Eat: Chunk             |       |     1 ||     1
Armor: Skin              |     8 |     1 ||     9
Dodge: Dodged            |    27 |     4 ||    31

Table legend:
 A = Non-vault XP
 B = Vault XP
 C = Vault XP percentage of total XP
 D = Non-vault monster count
 E = Vault monster count
 F = Vault count percentage of total count
                 A         B        C        D         E       F
            +---------+---------+-------+---------+---------+-------
      Total |      90 |      16 |  15.1 |      46 |       6 |  11.5
            +---------+---------+-------+---------+---------+-------
        D:1 |      40 |      16 |  28.6 |      26 |       6 |  18.8
        D:2 |      50 |       0 |   0.0 |      20 |       0 |   0.0
            +---------+---------+-------+---------+---------+-------
